 Dungeon Crawl Stone Soup version 0.30-a0-561-g1b0378597e (webtiles) character file.

Game seed: 2358655666319272245

406 M4edhros the Poker (level 6, 0/7 HPs)
             Began as an Octopode Chaos Knight on Dec 28, 2022.
             Was an Initiate of Zin.
             Killed by nerve-wracking pain
             ... invoked by Grinder
              (7 damage)
             ... on level 3 of the Dungeon.
             The game lasted 00:06:57 (12608 turns).

M4edhros the Poker (Octopode Chaos Knight)         Turns: 12608, Time: 00:06:57

Health: 0/7        AC: 12    Str: 17    XL:     6   Next: 87%
Magic:  5/5        EV: 15    Int: 10    God:    Zin [......]
Gold:   70         SH:  9    Dex: 20    Spells: 5/5 levels left

rFire   . . .      SeeInvis .    l - +1 morningstar (protect)
rCold   . . .      Faith    .    n - +1 buckler {AC+3}
rNeg    . . .      Spirit   .    (helmet restricted)
rPois   .          Reflect  .    (no amulet)
rElec   .          Harm     .    (no ring)
rCorr   .          Rampage  .    (no ring)
Will    .....      Clarity  +    (no ring)
Stlth   ++++                     (no ring)
HPRegen 0.21/turn                (no ring)
MPRegen 0.09/turn                (no ring)
                                 (no ring)
                                 (no ring)

@: under a protective aura
A: almost no armour, amphibious, 8 rings, camouflage 2, gelatinous body 1,
(nimble swimmer 1), tentacles, antennae 1, tentacle spike 1, large bone plates
1, agile 2, clarity, low MP 1, mutation resistance 1, robust 1, shaggy fur 1,
strong 2, inability to read after injury 1, MP-powered wands
a: Renounce Religion, Donate Gold


You were on level 3 of the Dungeon.
You worshipped Zin.
Zin was noncommittal.
You visited 2 branches of the dungeon, and saw 5 of its levels.

You collected 195 gold pieces.
You spent 118 gold pieces at shops.
You donated 7 gold pieces to Zin.

Inventory:

Hand Weapons
 a - a +0 spear of chaos
 l - a +1 morningstar of protection (weapon)
 q - a +0 glaive
Missiles
 f - 2 javelins
 j - 3 poisoned darts
Armour
 n - a +1 buckler of protection (worn)
 p - a +0 pair of gloves
Wands
 o - a wand of acid (5)
 r - a wand of iceblast (6)
 s - a wand of digging (5)
Scrolls
 e - 2 scrolls of noise {unknown}
 g - a scroll of enchant weapon {unknown}
 h - a scroll of poison {unknown}
 i - 6 scrolls of identify {unknown}
 k - a scroll of magic mapping {unknown}
 m - a scroll of immolation {unknown}
Potions
 c - 3 potions of mutation {unknown}
 d - 2 potions of haste {unknown}
 t - a potion of lignification {unknown}
Miscellaneous
 b - a piece from Xom's chessboard (15/15) (quivered)


   Skills:
 + Level 4.5 Fighting
 * Level 5.7 Polearms
 + Level 4.0 Dodging


You had 5 spell levels left.
You didn't know any spells.
Your spell library contained the following spells:

 Spells                   Type           Power      Damage    Failure   Level
 Apportation              Tloc           0%         N/A       45%         1
 Freeze                   Ice            0%         1d3       45%         1
 Hailstorm                Conj/Ice       0%         3d3       83%         3
 Ignite Poison            Fire/Tmut/Pois 0%         N/A       83%         3
 Kindle Blastsparks       Fire/Tloc/Air  0%         2d10      83%         3
 Alistair's Intoxication  Tmut/Pois      0%         N/A       100%        5
 Freezing Cloud           Conj/Ice/Air   0%         6-21      100%        5
 Ozocubu's Refrigeration  Ice            0%         4d7       100%        7
 Polar Vortex             Ice            0%         N/A       100%        9


Dungeon Overview and Level Annotations

Branches:
Dungeon (4/15)             Temple (1/1) D:4 Zot: 977

Altars:
Cheibriados
Dithmenos
Elyvilon
Fedhas
Gozag
Kikubaaqudgha
Makhleb
Nemelex Xobeh
Okawaru
Qazlal
Ru
Sif Muna
Trog
Uskayaw
Vehumet
Wu Jian
Xom
Yredelemnul
Zin

Shops:
D:4 (

Annotations:
D:3 Grinder


Innate Abilities, Weirdness & Mutations

You cannot wear most types of armour.
You are amphibious.
You can wear up to eight rings at the same time.
Your skin blends seamlessly with your surroundings (Stealth++).
Your rubbery body absorbs attacks. (AC +1, EV +1)
((You are camouflaged when in or above water. (Stealth+)))
You have tentacles for arms and can constrict up to eight enemies at once.
You have a pair of small antennae on your head.
One of your tentacles bears a spike.
You are partially covered in large bone plates. (SH +4)
You are very agile. (Dex +8, Str/Int -2)
You possess an exceptional clarity of mind.
Your magical capacity is low. (-10% MP)
You are somewhat resistant to further mutation.
You are robust. (+10% HP)
You are covered in fur. (AC +1)
Your muscles are very strong. (Str +8, Int/Dex -2)
You occasionally lose the ability to read scrolls when taking damage.
You expend magic power (3 MP) to strengthen your wands.


Message History

You puncture the ball python!
Your weapon exudes an aura of protection.
You kill the ball python!
A frilled lizard comes into view.
You sock the worm! You grab the worm.
You pierce the worm, but do no damage.
The worm is almost dead.
You constrict the worm.
You kill the worm!
You enter the deep water.
A frilled lizard is nearby!
The helpless frilled lizard fails to defend itself.
You sock the frilled lizard!
Your weapon exudes an aura of protection.
You kill the frilled lizard!
No target in view!
No target in view!
You enter the shallow water.
You enter the shallow water.
t - a white potion No target in view!
c - 3 blue potions (gained 1)
Found a stone staircase leading down.
Grinder comes into view.
Grinder shouts!
Grinder gestures at you.
You suddenly lose the ability to move!
You can move again.
Unknown command.
Unknown command.
Okay, then.
Found 7 stones.
You hit Grinder.
Your weapon exudes an aura of protection.
Your grab misses Grinder.
Your tentacle spike misses Grinder.
Grinder is lightly wounded.
Grinder hits you but does no damage. Grinder gestures at you.
Pain shoots through your body!
Ouch! That really hurt!
You die...

#.##..~≈≈≈.~~~≈~....#
.##..~≈≈≈.~~≈~~....#
#.###.~≈≈~.~≈≈≈~....#
# #
#.~~~≈.†~~≈~....### #
...................#
#
###..#..####.....####
# ##..... #..#### #
#...... #..### #
#.... #..@.# .#..
#..#5# .........
#..##........ #.
.........# .
.>#...(...#
...#......... ....#.
.......


You could see Grinder.

Vanquished Creatures
  Sigmund (D:2)
  An ogre (D:3)
  2 hounds
  Ijyb (D:3)
  2 adders (D:2)
  2 worms
  3 dart slugs
  An orc (D:3)
  9 ball pythons
  3 endoplasms
  2 giant cockroaches
  6 goblins
  2 hobgoblins (D:1)
  4 jackals (D:1)
  6 kobolds
  3 quokkas
  4 bats (D:1)
  7 frilled lizards
  4 rats (D:1)
63 creatures vanquished.

Notes
Turn   | Place    | Note
-------+----------+-------------------------------------------
     0 | D:1      | M4edhros the Octopode Chaos Knight began the quest for the
                  | Orb.
     0 | D:1      | Reached XP level 1. HP: 16/16 MP: 1/1
    69 | D:1      | Reached XP level 2. HP: 21/21 MP: 2/2
   245 | D:1      | Reached XP level 3. HP: 26/26 MP: 3/3
   669 | D:1      | XOM: silly message
   773 | D:2      | Noticed Sigmund
   779 | D:2      | Killed Sigmund
   780 | D:2      | Reached skill level 4 in Polearms
   780 | D:2      | Reached XP level 4. HP: 9/33 MP: 4/4
   780 | D:2      | Reached XP level 5. HP: 10/37 MP: 5/5
   828 | D:1      | XOM: silly message
   909 | D:2      | Reached skill level 5 in Polearms
  1018 | D:3      | Reached XP level 6. HP: 24/43 MP: 6/6
  1110 | D:3      | Got the Discursus on Glaciation
  1135 | D:3      | Found a faded altar of an unknown god.
  1348 | D:3      | XOM: divination: detect creatures
  1416 | D:4      | Found Dukhiawa's Weapon Shoppe.
  1433 | D:4      | Bought a +1 morningstar of protection for 118 gold pieces
  1459 | D:4      | Found a staircase to the Ecumenical Temple.
  1477 | Temple   | Entered the Ecumenical Temple
  2580 | Temple   | XOM: 3-stop teleportation journey
  2849 | Temple   | XOM: 3-stop teleportation journey
  3012 | Temple   | XOM: cloud trail
  3537 | Temple   | XOM: god gift: 47 gold pieces
  3888 | Temple   | XOM: god gift: +1 buckler of protection
  4121 | Temple   | XOM: divination: detect creatures
  4534 | Temple   | XOM: 1-stop teleportation journey
  4670 | Temple   | XOM is BORED!
  4797 | Temple   | XOM: give mutations
  4797 | Temple   | Gained mutation: You passively dampen the noise of your
                  | surroundings. [Xom's grace]
  4797 | Temple   | Gained mutation: You are partially covered in large bone
                  | plates. (SH +4) [Xom's grace]
  4797 | Temple   | Gained mutation: Your flesh is cold resistant. (rC+) [Xom's
                  | grace]
  4797 | Temple   | Gained mutation: Your muscles are strong. (Str +4, Int/Dex
                  | -1) [Xom's grace]
  4819 | Temple   | XOM: give mutations
  4819 | Temple   | Gained mutation: Your skin blends seamlessly with your
                  | surroundings (Stealth++). [Xom's mischief]
  4819 | Temple   | Gained mutation: Your magical capacity is low. (-10% MP)
                  | [Xom's mischief]
  4819 | Temple   | Gained mutation: Your body sometimes deteriorates upon
                  | taking damage. [Xom's mischief]
  4819 | Temple   | Gained mutation: You occasionally lose the ability to read
                  | scrolls when taking damage. [Xom's mischief]
  5893 | Temple   | XOM: summons 1 hostile demon
  5911 | D:4      | XOM: give mutations
  5911 | D:4      | Gained mutation: Your muscles are very strong. (Str +8,
                  | Int/Dex -2) [Xom's grace]
  5911 | D:4      | Gained mutation: You possess an exceptional clarity of
                  | mind. [Xom's grace]
  5911 | D:4      | Gained mutation: You have a pair of small antennae on your
                  | head. [Xom's grace]
  5911 | D:4      | Gained mutation: You are partially covered in iridescent
                  | scales. (AC +2) [Xom's grace]
  6108 | Temple   | XOM: 1-stop teleportation journey
  6493 | Temple   | Glimpsed the power of Zot.
  6550 | Temple   | XOM: god gift: wand of acid (5)
  6650 | Temple   | XOM is BORED!
  6650 | Temple   | XOM: summons 1 hostile demon
  6765 | Temple   | XOM: 1-stop teleportation journey
  6949 | Temple   | XOM: scenery: summon butterflies
  6991 | Temple   | Glimpsed the power of Zot.
  7391 | Temple   | Glimpsed the power of Zot.
  7416 | Temple   | XOM: give mutations
  7416 | Temple   | Gained mutation: You are agile. (Dex +4, Str/Int -1) [Xom's
                  | grace]
  7416 | Temple   | Gained mutation: You are covered in fur. (AC +1) [Xom's
                  | grace]
  7416 | Temple   | Gained mutation: Your flesh is very cold resistant. (rC++)
                  | [Xom's grace]
  7416 | Temple   | Gained mutation: One of your tentacles bears a spike.
                  | [Xom's grace]
  7490 | Temple   | XOM: 2-stop teleportation journey
  7491 | Temple   | Touched by the power of Zot.
  7492 | Temple   | Glimpsed the power of Zot.
  7511 | Temple   | XOM: god gift: pair of gloves {god gift}
  7992 | Temple   | Glimpsed the power of Zot.
  8175 | Temple   | XOM: 3-stop teleportation journey
  8392 | Temple   | Glimpsed the power of Zot.
  8491 | Temple   | Touched by the power of Zot.
  8492 | Temple   | Glimpsed the power of Zot.
  8783 | Temple   | XOM: cloud trail
  8992 | Temple   | Glimpsed the power of Zot.
  9000 | Temple   | XOM: cloud trail
  9005 | Temple   | XOM: 1-stop teleportation journey
  9392 | Temple   | Glimpsed the power of Zot.
  9491 | Temple   | Touched by the power of Zot.
  9492 | Temple   | Glimpsed the power of Zot.
  9982 | Temple   | XOM: give mutations
  9982 | Temple   | Gained mutation: You are very agile. (Dex +8, Str/Int -2)
                  | [Xom's grace]
  9982 | Temple   | Gained mutation: You are robust. (+10% HP) [Xom's grace]
  9992 | Temple   | Glimpsed the power of Zot.
 10016 | Temple   | XOM: god gift: scroll labelled ZEHITOXEWI {god gift}
 10070 | Temple   | XOM: give mutations
 10070 | Temple   | Gained mutation: You are somewhat resistant to further
                  | mutation. [Xom's grace]
 10070 | Temple   | Gained mutation: One of your tentacles bears a nasty spike.
                  | [Xom's grace]
 10070 | Temple   | Gained mutation: You expend magic power (3 MP) to
                  | strengthen your wands. [Xom's grace]
 10152 | Temple   | XOM: god gift: Trismegistus Codex
 10392 | Temple   | Glimpsed the power of Zot.
 10491 | Temple   | Touched by the power of Zot.
 10492 | Temple   | Glimpsed the power of Zot.
 10803 | Temple   | XOM is BORED!
 10803 | Temple   | XOM: give mutations
 10803 | Temple   | Lost mutation: Your body sometimes deteriorates upon taking
                  | damage. [Xom's mischief]
 10803 | Temple   | Lost mutation: Your flesh is very cold resistant. (rC++)
                  | [Xom's mischief]
 10803 | Temple   | Lost mutation: You are partially covered in iridescent
                  | scales. (AC +2) [Xom's mischief]
 10992 | Temple   | Glimpsed the power of Zot.
 11169 | Temple   | XOM: 3-stop teleportation journey
 11392 | Temple   | Glimpsed the power of Zot.
 11491 | Temple   | Touched by the power of Zot.
 11492 | Temple   | Glimpsed the power of Zot.
 11885 | Temple   | XOM: god gift: glaive {god gift}
 11943 | Temple   | XOM: god gift: wand of iceblast (6)
 11992 | Temple   | Glimpsed the power of Zot.
 12388 | Temple   | XOM: give mutations
 12388 | Temple   | Lost mutation: One of your tentacles bears a nasty spike.
                  | [Xom's mischief]
 12388 | Temple   | Lost mutation: Your flesh is cold resistant. (rC+) [Xom's
                  | mischief]
 12388 | Temple   | Lost mutation: You passively dampen the noise of your
                  | surroundings. [Xom's mischief]
 12392 | Temple   | Glimpsed the power of Zot.
 12491 | Temple   | Touched by the power of Zot.
 12492 | Temple   | Glimpsed the power of Zot.
 12504 | Temple   | Fell from the grace of Xom
 12504 | Temple   | Became a worshipper of Zin the Law-Giver
 12529 | D:3      | Noticed Ijyb
 12535 | D:3      | Killed Ijyb
 12602 | D:3      | Noticed Grinder
 12602 | D:3      | Paralysed by Grinder for 4 turns
 12608 | D:3      | Killed from afar by Grinder

Illustrated notes

Levels and vault maps discovered:
D:1:      saegor_arrival_simple_a, layout_basic, minmay_misc_feat_five,
          minmay_tromino_i4
D:2:      layout_rooms, minmay_pentomino_pile, uniq_sigmund
D:3:      layout_basic, ebering_ecumenical_altar_webs, minivault_14,
          grunt_decor_junction, minmay_fractal_squares_5, uniq_ijyb,
          uniq_crazy_yiuf_cottage, uniq_grinder
D:4:      layout_gridville, minmay_temple_entry_waves, serial_shops,
          nicolae_diamond_shop
Temple:   hellmonk_temple_of_storms

Skill      XL: |  1  2  3  4  5  6 |
---------------+-------------------+-----
Fighting       | 4 |  4.5
Polearms       | 4 5 |  5.7
Dodging        | 3 4 |  4.0

Action                   |  1- 3 |  4- 6 || total
-------------------------+-------+-------++-------
Melee: Spear             |    93 |    58 ||   151
       Constrict         |    15 |    14 ||    29
       Tentacles         |     9 |    14 ||    23
       Morningstar       |       |    17 ||    17
       Kick              |       |     3 ||     3
       Punch             |       |     1 ||     1
  Use: Potion            |       |     1 ||     1
 Stab: Sleeping          |     7 |     6 ||    13
       Distracted        |       |     1 ||     1
       Paralysed         |       |     1 ||     1
Armor: Skin              |     6 |     9 ||    15
Dodge: Dodged            |    55 |    28 ||    83
Block: Buckler           |       |     2 ||     2

Table legend: (Time is in decaauts) A = Elapsed time spent in this place. B = Non-inter-level travel time spent in this place. C = Inter-level travel time spent in this place. D = Time resting spent in this place. E = Time spent auto-exploring this place. F = Levels seen in this place. G = Mean time per level. A B C D E F G +--------+--------+--------+--------+--------+-----+--------+ Total | 12600 | 12481 | 119 | 11043 | 909 | 5 | 2520.0 | Dungeon | 1577 | 1560 | 17 | 210 | 909 | 4 | 394.2 | Temple | 11023 | 10921 | 102 | 10833 | 0 | 1 | 11023.0 | +--------+--------+--------+--------+--------+-----+--------+

Top non-repeatable levels by time:
  Temple: 11023 daAuts
     D:1: 845 daAuts
     D:3: 519 daAuts
     D:2: 118 daAuts
     D:4: 94 daAuts
